 Dungeon Crawl Stone Soup version 0.27.1-4-g1640c2035a (webtiles) character file.

Game seed: 12090122324759287048

2 cheechan the Bolt Thrower (level 1, 0/14 HPs)
             Began as an Octopode Hunter on Nov 11, 2021.
             Slain by a giant cockroach (1 damage)
             ... on level 1 of the Dungeon.
             The game lasted 00:00:13 (16 turns).

cheechan the Bolt Thrower (Octopode Hunter)           Turns: 16, Time: 00:00:14

Health: 0/14       AC:  1    Str: 11    XL:     1   Next: 40%
Magic:  1/1        EV: 13    Int: 13    God:
Gold:   0          SH:  0    Dex: 12    Spells: 0/0 levels left

rFire    . . .     SeeInvis .   a - +1 hand crossbow
rCold    . . .     Faith    .   (no shield)
rNeg     . . .     Spirit   .   (helmet restricted)
rPois    .         Reflect  .   (no amulet)
rElec    .         Harm     .   (no ring)
rCorr    .         Rampage  .   (no ring)
Will     .....                  (no ring)
Stlth    +++.......             (no ring)
HPRegen  0.04/turn              (no ring)
MPRegen  0.07/turn              (no ring)
                                (no ring)
                                (no ring)

@: no status effects
A: almost no armour, amphibious, 8 rings, camouflage 1, gelatinous body 1,
(nimble swimmer 1), tentacles
a: no special abilities


You were on level 1 of the Dungeon.
You visited 1 branch of the dungeon, and saw 1 of its levels.

Inventory:

Hand Weapons
 a - a +1 hand crossbow (weapon)
 b - a +0 short sword
Missiles
 c - 12 bolts (quivered ammo)


   Skills:
 + Level 2.0 Fighting
 + Level 4.1 Crossbows
 + Level 2.0 Dodging
 + Level 1.3 Stealth


You couldn't memorise any spells.
You didn't know any spells.
Your spell library was empty.

Dungeon Overview and Level Annotations

Branches:
Dungeon (1/15)

Altars:


Innate Abilities, Weirdness & Mutations

You cannot wear most types of armour.
You are amphibious.
You can wear up to eight rings at the same time.
Your skin changes colour to match your surroundings (Stealth+).
Your rubbery body absorbs attacks. (AC +1, EV +1)
((You are camouflaged near water. (Stealth+)))
You have tentacles for arms and can constrict up to eight enemies at once.


Message History

You kill the jackal!
The jackal bites you. The giant cockroach closely misses you.
Fire: 14 bolts
Press: ? - help, Q - select action Shift-Dir - straight line, f - giant cockroach
Aim: a giant cockroach (65% to hit)
You shoot a bolt.
The bolt hits the giant cockroach but does no damage.
The jackal bites you. The giant cockroach bites you.
The jackal closely misses you. The giant cockroach barely misses you.
Fire: 13 bolts
Press: ? - help, Q - select action Shift-Dir - straight line, f/p - giant cockroach
Aim: a giant cockroach (65% to hit)
You shoot a bolt.
The bolt barely misses the giant cockroach.
The jackal pauses to sniff the ground.
The jackal completely misses you. The giant cockroach bites you.
* * * LOW HITPOINT WARNING * * *
The jackal bites you.
* * * LOW HITPOINT WARNING * * *
Really attack while wielding your +1 hand crossbow?
You clumsily bash the jackal but do no damage.
You grab the jackal. You squeeze the jackal.
The jackal is moderately wounded.
You constrict the jackal, but do no damage.
The giant cockroach barely misses you. The jackal closely misses you.
The giant cockroach bites you but does no damage.
The jackal closely misses you.
Fire: 12 bolts
Press: ? - help, Q - select action Shift-Dir - straight line, f/p - giant cockroach
Aim: a giant cockroach (65% to hit)
You clumsily bash the jackal but do no damage.
The jackal is moderately wounded.
You constrict the jackal. The jackal barely misses you.
The giant cockroach completely misses you.
The jackal barely misses you. The giant cockroach closely misses you.
You clumsily bash the jackal but do no damage.
You squeeze the jackal.
You kill the jackal!
The giant cockroach bites you.
You die...

##########
###...#....##
#@..........#
#.(B#..<..#...#
#..(###...## .
#...## #####
#...# #...#
#..#. #.##.


You could see a giant cockroach.

Vanquished Creatures
  3 jackals (D:1)
3 creatures vanquished.

Notes
Turn   | Place    | Note
-------+----------+-------------------------------------------
     0 | D:1      | cheechan the Octopode Hunter began the quest for the Orb.
     0 | D:1      | Reached XP level 1. HP: 14/14 MP: 1/1
    16 | D:1      | Slain by a giant cockroach

Illustrated notes

Levels and vault maps discovered:
D:1:      dpeg_chamrin_arrival_tetris, layout_loops_ring

Action                   || total
-------------------------++-------
Melee: Hand crossbow     ||     3
       Tentacles         ||     2
       Constrict         ||     1
 Fire: Hand crossbow     ||     8
Armor: Skin              ||     1
Dodge: Dodged            ||    20
